SAA
TACOMA FUR TRADERS @ MINNESOTA LOONS
09/13/2028
 
TOP OF THE 1ST
Tacoma Fur Traders batting - Pitching for Minnesota Loons : RHP Ramón Martínez
Pitching: RHP Ramón Martínez
Batting: RHB Trevor O'Herlihy 0-0: SINGLE (Line Drive, 78S)
Batting: LHB Ryan Marken 0-0: Ball
1-0: Ball
2-0: Foul Ball, location: 2F
2-1: SINGLE (Groundball, 6) (infield hit)
Trevor O'Herlihy to second
Batting: RHB Ken Bone 0-0: Ball
1-0: Called Strike
1-1: Ball
2-1: DOUBLE (Groundball, 5L)
Trevor O'Herlihy scores
Ryan Marken to third
Batting: RHB Gustavo González 0-0: Ball
1-0: Fly out, F7 (Flyball, 7S)
Batting: SHB Carlos Alicea 0-0: Called Strike
0-1: Ground out 6-3 (Groundball, 6)
Ryan Marken scores
Batting: RHB Nick Boyd 0-0: Called Strike
0-1: Swinging Strike
0-2: Ball
1-2: Foul Ball, location: 2F
1-2: Ball
2-2: Foul Ball, location: 2F
2-2: DOUBLE (Line Drive, 8LXD)
Ken Bone scores
Batting: SHB Dave Gant 0-0: Swinging Strike
0-1: Ball
1-1: Swinging Strike
1-2: Fly out, F9 (Flyball, 9LM)
Top of the 1st over - 3 run(s), 4 hit(s), 0 error(s), 1 left on base; Tacoma 3 - Minnesota 0
BOTTOM OF THE 1ST
Minnesota Loons batting - Pitching for Tacoma Fur Traders : RHP Iván Vázquez
Pitching: RHP Iván Vázquez
Batting: RHB Jorge Echevarría 0-0: Called Strike
0-1: Foul Ball, location: 2F
0-2: Ball
1-2: Strikes out swinging
Batting: SHB António Zúńiga 0-0: Foul Ball, location: 2F
0-1: Ball
1-1: Ball
2-1: Foul Ball, location: 2F
2-2: Ball
3-2: SINGLE (Groundball, 3) (infield hit)
Batting: RHB Isuru Tanaka 0-0: Ball
1-0: Called Strike
António Zúńiga is caught stealing 2nd base
1-1: Ball
2-1: SINGLE (Flyball, 7S)
Batting: LHB Rim Hong-Do 0-0: Fly out, F5 (Popup, 56)
Bottom of the 1st over - 0 run(s), 2 hit(s), 0 error(s), 1 left on base; Tacoma 3 - Minnesota 0
TOP OF THE 2ND
Tacoma Fur Traders batting - Pitching for Minnesota Loons : RHP Ramón Martínez
Batting: RHB Luis Flores 0-0: SINGLE (Groundball, 2R) (infield hit)
Batting: RHB Roberto Aguirre 0-0: Called Strike
0-1: Ball
1-1: Ball
Luis Flores is caught stealing 2nd base
2-1: Ball
3-1: Ground out U3 (Groundball, 34)
Batting: RHB Trevor O'Herlihy 0-0: Ball
1-0: Ball
2-0: Ball
3-0: Called Strike
3-1: Called Strike
3-2: Fly out, F9 (Flyball, 9LSF)
Top of the 2nd over - 0 run(s), 1 hit(s), 0 error(s), 0 left on base; Tacoma 3 - Minnesota 0
BOTTOM OF THE 2ND
Minnesota Loons batting - Pitching for Tacoma Fur Traders : RHP Iván Vázquez
Batting: RHB José Mercado 0-0: Foul Ball, location: 2F
0-1: Ground out U3 (Groundball, 34)
Batting: RHB Jorge Arreola 0-0: Called Strike
0-1: Ball
1-1: Ball
2-1: Swinging Strike
2-2: Foul Ball, location: 2F
2-2: Foul Ball, location: 2F
2-2: Ball
3-2: Foul Ball, location: 2F
3-2: SINGLE (Line Drive, 6M)
Batting: LHB Arnau Zabajeta 0-0: Ball
1-0: Single, Error in OF, E8, batter to second base
Jorge Arreola to third
Batting: RHB Randolph Descoteaux 0-0: Called Strike
0-1: Ball
1-1: SINGLE (Line Drive, 56D)
Jorge Arreola scores
Arnau Zabajeta to third
Batting: RHB Icarus Giannopolous 0-0: Called Strike
0-1: Ball
1-1: Ball
2-1: Ball
3-1: Swinging Strike
3-2: Foul Ball, location: 2F
3-2: Foul Ball, location: 2F
3-2: SINGLE (Line Drive, 89M)
Arnau Zabajeta scores
Randolph Descoteaux to second
Batting: RHB Jorge Echevarría 0-0: Called Strike
0-1: Ball
1-1: Ball
Passed Ball!
Randolph Descoteaux to third
Icarus Giannopolous to second
2-1: Ball
3-1: Foul Ball, location: 2F
3-2: Base on Balls
Batting: SHB António Zúńiga 0-0: Called Strike
0-1: Ball
1-1: Fly out, F9 (Flyball, 89S)
Batting: RHB Isuru Tanaka 0-0: Called Strike
0-1: Ball
1-1: Fly out, F8 (Line Drive, 78M)
Bottom of the 2nd over - 2 run(s), 4 hit(s), 1 error(s), 3 left on base; Tacoma 3 - Minnesota 2
TOP OF THE 3RD
Tacoma Fur Traders batting - Pitching for Minnesota Loons : RHP Ramón Martínez
Batting: LHB Ryan Marken 0-0: Called Strike
0-1: SINGLE (Groundball, 6MD)
Batting: RHB Ken Bone 0-0: Called Strike
0-1: Ball
1-1: Fly out, F9 (Flyball, 9)
Batting: RHB Gustavo González 0-0: Called Strike
0-1: Ball
1-1: Ball
2-1: Swinging Strike
2-2: Strikes out swinging
Ryan Marken is caught stealing 2nd base
Batter strikes out.
Top of the 3rd over - 0 run(s), 1 hit(s), 0 error(s), 0 left on base; Tacoma 3 - Minnesota 2
BOTTOM OF THE 3RD
Minnesota Loons batting - Pitching for Tacoma Fur Traders : RHP Iván Vázquez
Batting: LHB Rim Hong-Do 0-0: Ball
1-0: Swinging Strike
1-1: Ball
2-1: Foul Ball, location: 2F
2-2: Ball
3-2: Base on Balls
Batting: RHB José Mercado 0-0: Ball
Rim Hong-Do steals 2nd base
1-0: Foul Ball, location: 2F
1-1: Called Strike
1-2: Ball
2-2: Ball
3-2: Strikes out swinging
Batting: RHB Jorge Arreola 0-0: Foul Ball, location: 2F
0-1: Ball
1-1: Foul Ball, location: 2F
1-2: Ball
2-2: Ball
3-2: Foul Ball, location: 2F
3-2: Strikes out swinging
Batting: LHB Arnau Zabajeta 0-0: Called Strike
0-1: Ball
1-1: Called Strike
1-2: Strikes out swinging
Bottom of the 3rd over - 0 run(s), 0 hit(s), 0 error(s), 1 left on base; Tacoma 3 - Minnesota 2
TOP OF THE 4TH
Tacoma Fur Traders batting - Pitching for Minnesota Loons : RHP Ramón Martínez
Batting: SHB Carlos Alicea 0-0: Foul Ball, location: 2F
0-1: Swinging Strike
0-2: Ball
1-2: Ball
2-2: Fly out, F6 (Popup, 56D)
Batting: RHB Nick Boyd 0-0: Called Strike
0-1: Ball
1-1: Ball
2-1: Foul Ball, location: 2F
2-2: Fly out, F8 (Flyball, 8LM)
Batting: SHB Dave Gant 0-0: Fly out, F8 (Flyball, 8RM)
Top of the 4th over - 0 run(s), 0 hit(s), 0 error(s), 0 left on base; Tacoma 3 - Minnesota 2
BOTTOM OF THE 4TH
Minnesota Loons batting - Pitching for Tacoma Fur Traders : RHP Iván Vázquez
Batting: RHB Randolph Descoteaux 0-0: Ball
1-0: Fly out, F8 (Flyball, 8LM)
Batting: RHB Icarus Giannopolous 0-0: Foul Ball, location: 2F
0-1: Ground out 5-3 (Groundball, 5)
Batting: RHB Jorge Echevarría 0-0: Ball
1-0: Foul Ball, location: 2F
1-1: Swinging Strike
1-2: Foul Ball, location: 2F
1-2: Ball
2-2: Strikes out looking
Bottom of the 4th over - 0 run(s), 0 hit(s), 0 error(s), 0 left on base; Tacoma 3 - Minnesota 2
TOP OF THE 5TH
Tacoma Fur Traders batting - Pitching for Minnesota Loons : RHP Ramón Martínez
Batting: RHB Luis Flores 0-0: Ball
1-0: Ball
2-0: Ground out 4-3 (Groundball, 4)
Batting: RHB Roberto Aguirre 0-0: Ball
1-0: Swinging Strike
1-1: SINGLE (Groundball, 34D)
Batting: RHB Trevor O'Herlihy 0-0: Called Strike
0-1: Ball
1-1: Ground out 6-3 (Groundball, 6MS)
Roberto Aguirre to second
Batting: LHB Ryan Marken 0-0: Ball
1-0: SINGLE (Flyball, 7LS)
Roberto Aguirre to third
Runner from 3rd tries for Home, SAFE, no throw
Batting: RHB Ken Bone 0-0: Foul Ball, location: 2F
0-1: Ball
1-1: Ball
2-1: Ground out 6-3 (Groundball, 6S)
Top of the 5th over - 1 run(s), 2 hit(s), 0 error(s), 1 left on base; Tacoma 4 - Minnesota 2
BOTTOM OF THE 5TH
Minnesota Loons batting - Pitching for Tacoma Fur Traders : RHP Iván Vázquez
Batting: SHB António Zúńiga 0-0: Ball
1-0: Called Strike
1-1: Fly out, F9 (Line Drive, 9)
Batting: RHB Isuru Tanaka 0-0: Ball
1-0: Fly out, F6 (Line Drive, 6)
Batting: LHB Rim Hong-Do 0-0: Called Strike
0-1: Ball
1-1: Fly out, F4 (Popup, 34D)
Bottom of the 5th over - 0 run(s), 0 hit(s), 0 error(s), 0 left on base; Tacoma 4 - Minnesota 2
TOP OF THE 6TH
Tacoma Fur Traders batting - Pitching for Minnesota Loons : RHP Ramón Martínez
Batting: RHB Gustavo González 0-0: Ball
1-0: Called Strike
1-1: Called Strike
1-2: SINGLE (Line Drive, 56D)
Batting: SHB Carlos Alicea 0-0: Ball
1-0: Ball
2-0: Ball
3-0: Base on Balls
Gustavo González to second
Batting: RHB Nick Boyd 0-0: Sac Bunt - play at first, batter OUT! 5-3
Gustavo González to third
Carlos Alicea to second
Batting: SHB Dave Gant 0-0: Called Strike
0-1: Foul Ball, location: 2F
0-2: Ball
1-2: Ball
2-2: SINGLE (Groundball, 34D)
Gustavo González scores
Carlos Alicea to third
Runner from 3rd tries for Home, throw and OUT!
Dave Gant to second
Batting: RHB Luis Flores 0-0: Called Strike
0-1: Ball
1-1: Foul Ball, location: 2F
1-2: Strikes out looking
Top of the 6th over - 1 run(s), 2 hit(s), 0 error(s), 1 left on base; Tacoma 5 - Minnesota 2
BOTTOM OF THE 6TH
Minnesota Loons batting - Pitching for Tacoma Fur Traders : RHP Iván Vázquez
Batting: RHB José Mercado 0-0: Called Strike
0-1: Ground out 1-3 (Groundball, 15S)
Batting: RHB Jorge Arreola 0-0: SINGLE (Groundball, 6MD)
Batting: LHB Arnau Zabajeta 0-0: Called Strike
0-1: Foul Ball, location: 2F
0-2: Foul Ball, location: 2F
0-2: Ball
1-2: Fielders Choice at 2nd, 5-4 (Groundball, 56)
Batting: RHB Randolph Descoteaux 0-0: Called Strike
0-1: Ball
Throwing error on steal attempt, E2
Arnau Zabajeta to third
1-1: Swinging Strike
1-2: Ball
2-2: Foul Ball, location: 2F
2-2: Ball
3-2: Base on Balls
Batting: RHB Icarus Giannopolous 0-0: Called Strike
0-1: Called Strike
0-2: Strikes out swinging
Bottom of the 6th over - 0 run(s), 1 hit(s), 1 error(s), 2 left on base; Tacoma 5 - Minnesota 2
TOP OF THE 7TH
Tacoma Fur Traders batting - Pitching for Minnesota Loons : RHP Ramón Martínez
Batting: RHB Roberto Aguirre 0-0: Called Strike
0-1: Fly out, F7 (Flyball, 7)
Batting: RHB Trevor O'Herlihy 0-0: Ball
1-0: SINGLE (Groundball, 6D)
Batting: LHB Ryan Marken 0-0: Ball
1-0: Ball
2-0: Swinging Strike
2-1: Fly out, F7 (Flyball, 7LS)
Batting: RHB Ken Bone 0-0: Called Strike
0-1: Swinging Strike
0-2: Ball
1-2: Foul Ball, location: 2F
1-2: Ball
2-2: Ball
3-2: Foul Ball, location: 2F
3-2: Base on Balls
Trevor O'Herlihy to second
Pitching: RHP Ricardo Landrón
Batting: RHB Gustavo González 0-0: Called Strike
0-1: Called Strike
0-2: Ball
1-2: Fly out, F8 (Flyball, 8LM)
Top of the 7th over - 0 run(s), 1 hit(s), 0 error(s), 2 left on base; Tacoma 5 - Minnesota 2
BOTTOM OF THE 7TH
Minnesota Loons batting - Pitching for Tacoma Fur Traders : RHP Iván Vázquez
Batting: RHB Jorge Echevarría 0-0: Ground out 5-3 (Groundball, 56)
Batting: SHB António Zúńiga 0-0: Ball
1-0: Ball
2-0: Ground out U3 (Groundball, 34)
Batting: RHB Isuru Tanaka 0-0: Fly out, F9 (Line Drive, 9)
Bottom of the 7th over - 0 run(s), 0 hit(s), 0 error(s), 0 left on base; Tacoma 5 - Minnesota 2
TOP OF THE 8TH
Tacoma Fur Traders batting - Pitching for Minnesota Loons : RHP Ricardo Landrón
Batting: SHB Carlos Alicea 0-0: Called Strike
0-1: Foul Ball, location: 2F
0-2: Ball
1-2: Foul Ball, location: 2F
1-2: Ball
2-2: Ground out 3-1 (Groundball, 34)
Batting: RHB Nick Boyd 0-0: Ball
1-0: Fly out, F4 (Line Drive, 4)
Batting: SHB Dave Gant 0-0: Called Strike
0-1: Foul Ball, location: 2F
0-2: Hit by Pitch
Batting: RHB Luis Flores 0-0: Ball
1-0: Ball
2-0: Ball
3-0: Called Strike
3-1: Base on Balls
Dave Gant to second
Batting: RHB Roberto Aguirre 0-0: Ball
1-0: Ball
2-0: SINGLE (Flyball, 9S)
Dave Gant to third
Luis Flores to second
Runner from 3rd tries for Home, throw and OUT!
Top of the 8th over - 0 run(s), 1 hit(s), 0 error(s), 2 left on base; Tacoma 5 - Minnesota 2
BOTTOM OF THE 8TH
Minnesota Loons batting - Pitching for Tacoma Fur Traders : RHP Iván Vázquez
Pitching: RHP Justin Barber
Batting: LHB Rim Hong-Do 0-0: Called Strike
0-1: Foul Ball, location: 2F
0-2: Ground out 6-3 (Groundball, 6S)
Batting: RHB José Mercado 0-0: Swinging Strike
0-1: Fly out, F3 (Line Drive, 3)
Batting: RHB Jorge Arreola 0-0: Called Strike
0-1: Ground out 6-3 (Groundball, 6)
Bottom of the 8th over - 0 run(s), 0 hit(s), 0 error(s), 0 left on base; Tacoma 5 - Minnesota 2
TOP OF THE 9TH
Tacoma Fur Traders batting - Pitching for Minnesota Loons : RHP Ricardo Landrón
Batting: RHB Trevor O'Herlihy 0-0: Ball
1-0: Ball
2-0: Ball
3-0: Base on Balls
Batting: LHB Ryan Marken 0-0: Bunted foul
0-1: Ball
1-1: Ball
2-1: Sac Bunt - play at second, runner OUT! 3-6
Batting: RHB Ken Bone 0-0: Fielders Choice at 2nd, 5-4 (Groundball, 56)
Batting: RHB Gustavo González 0-0: Ball
1-0: Foul Ball, location: 2F
1-1: SINGLE (Groundball, 4MD)
Ken Bone to second
Batting: SHB Carlos Alicea 0-0: Called Strike
0-1: Ball
1-1: Ball
2-1: Called Strike
2-2: Foul Ball, location: 2F
2-2: SINGLE (Line Drive, 4M)
Ken Bone to third
Gustavo González to second
Runner from 3rd tries for Home, SAFE, no throw
Batting: RHB Nick Boyd 0-0: Called Strike
0-1: Ball
1-1: Foul Ball, location: 2F
1-2: Ball
2-2: Strikes out swinging
Top of the 9th over - 1 run(s), 2 hit(s), 0 error(s), 2 left on base; Tacoma 6 - Minnesota 2
BOTTOM OF THE 9TH
Minnesota Loons batting - Pitching for Tacoma Fur Traders : RHP Justin Barber
Batting: LHB Arnau Zabajeta 0-0: Ball
1-0: Called Strike
1-1: Swinging Strike
1-2: Foul Ball, location: 2F
1-2: Strikes out looking
Batting: RHB Randolph Descoteaux 0-0: Ball
1-0: Ball
2-0: Called Strike
2-1: Swinging Strike
2-2: Strikes out swinging
Batting: RHB Icarus Giannopolous 0-0: Hit by Pitch
Batting: RHB Jorge Echevarría 0-0: SINGLE (Flyball, 89M)
Icarus Giannopolous to second
Runner from 2nd tries for 3rd, SAFE, throw made to third
Pitching: LHP Juan Vargas
Batting: SHB António Zúńiga 0-0: Fly out, F8 (Flyball, 8RD)
Bottom of the 9th over - 0 run(s), 1 hit(s), 0 error(s), 2 left on base; Tacoma 6 - Minnesota 2
Tuesday, September 5th, 2017 - OOTP Baseball 17.12 Build 75